Influenza vs Mustangs
(R3)
Created - June 2, 2018 at 22:52
Goals
|
| Influenza |
0 |
1 |
1 |
2 |
| Mustangs |
3 |
3 |
2 |
8 |
|
Shots
|
| Influenza |
12 |
7 |
10 |
29 |
| Mustangs |
11 |
12 |
16 |
39 |
|
1st period
1. Mustangs , Riley Sheahan 18 (Marcus Foligno 19) at 8:44
2. Mustangs , Marcus Foligno 22 (Riley Sheahan 21, Josh Jooris 25) at 8:58 (PP)
3. Mustangs , Mika Zibanejad 10 (Cameron Gaunce 15) at 9:52 (PP)
Penalties :
Paul Ladue (VJB) for Tripping (Minor) at 4:17, Matt Corrente (VJB) for Hooking (Minor) at 8:53, Mathieu Carle (VJB) for Hooking (Minor) at 9:21, Josh Jooris (Ham) for Cross-checking (Minor) at 10:06, Tomas Tatar (Ham) for Holding (Minor) at 17:53
2nd period
4. Mustangs , Brady Skjei 3 (Josh Jooris 26) at 11:23
5. Influenza , Charlie Coyle 5 (Mathieu Carle 5, Matt Corrente 17) at 12:15 (PP)
6. Mustangs , Riley Sheahan 19 (Brady Skjei 10) at 13:52 (PP)
7. Mustangs , Marcus Foligno 23 (Brady Skjei 11, Josh Jooris 27) at 18:34 (PP)
Penalties :
Tomas Tatar (Ham) for Holding (Minor) at 1:02, Beau Bennett (VJB) for Roughing (Minor) at 5:36, Jerome Samson (Ham) for Hooking (Minor) at 7:03, Josh Jooris (Ham) for Unsportsmanlike conduct (Minor) at 11:25, Lane MacDermid (VJB) for Cross-checking (Minor) at 13:06, Matt Corrente (VJB) for Hooking (Minor) at 13:48, Mathieu Carle (VJB) for Interference (Minor) at 18:22, Mark Scheifele (VJB) for Elbowing (Minor) at 19:45
3rd period
8. Mustangs , Joshua Leivo 8 (Mark Pysyk 9) at 7:52
9. Influenza , T.J Galiardi 11 (Charlie Coyle 14) at 8:58
10. Mustangs , Tomas Tatar 12 (Cameron Gaunce 16) at 12:33
Penalties :
Mark Scheifele (VJB) for High sticking (Minor) at 4:24, Scott Mayfield (Ham) for Fighting (Major) at 7:13, Jeremy Morin (VJB) for Fighting (Major) at 7:13, Paul Ladue (VJB) for Hooking (Minor) at 9:28, Lane MacDermid (VJB) for Hooking (Minor) at 14:04, Matt Corrente (VJB) for Elbowing (Minor) at 18:55
Goalie Stats
Alex Stalock (VJB), 14 saves from 18 shots - (0.778), L, 6-4-1, 31:23 minutes
Thomas McCollum (VJB), 17 saves from 21 shots - (0.810), 28:37 minutes
Peter Mannino (Ham), 27 saves from 29 shots - (0.931), W, 13-4-1, 60:00 minutes
Players Stats for Influenza
Player Name G A P +/- PIM S H SB GA TA FO MP PP MP PK MP
------------------------------------------------------------------------------------
Beau Bennett 0 0 0 -3 2 2 2 1 0 0 0/0 12:41 3:48 0:00
Charlie Coyle 1 1 2 1 0 5 1 1 0 0 16/30 22:20 4:02 5:12
Dmitry Sinitsyn 0 0 0 0 0 0 0 0 0 0 0/0 4:02 0:00 0:00
Garnet Hathaway 0 0 0 -1 0 1 0 0 0 0 0/0 9:02 0:02 0:00
Iiro Pakarinen 0 0 0 0 0 0 0 0 0 0 0/0 4:36 0:00 0:00
Jacob Josefson 0 0 0 0 0 0 0 0 0 0 1/2 0:54 0:09 0:27
Jeff May 0 0 0 -1 0 0 0 2 0 0 0/0 10:52 0:00 4:13
Jeremy Morin 0 0 0 0 5 5 1 1 2 1 4/15 23:39 4:30 7:37
Jesse Graham 0 0 0 0 0 0 0 0 0 0 0/0 0:00 0:00 0:00
Jimmy Vesey 0 0 0 -1 0 0 2 0 0 0 0/0 8:42 0:00 0:00
Joe Morrow 0 0 0 0 0 0 0 0 0 0 0/0 4:02 0:00 0:00
Johan Larsson 0 0 0 0 0 0 0 0 0 0 0/0 4:36 0:00 0:00
Jordan Schroeder 0 0 0 0 0 1 0 0 0 0 0/0 4:36 0:00 0:00
Lane MacDermid 0 0 0 -3 4 0 1 0 0 0 0/2 13:57 3:35 1:26
Mark Olver 0 0 0 -3 0 1 1 0 0 1 9/19 17:46 3:35 5:12
Mark Scheifele 0 0 0 0 4 0 0 1 1 1 0/3 7:53 0:00 0:30
Mathieu Carle 0 1 1 -2 4 3 2 0 3 0 0/0 29:52 5:00 9:49
Matt Corrente 0 1 1 -2 6 1 7 5 1 0 0/0 28:25 5:00 8:22
Nikita Gusev 0 0 0 0 0 0 0 0 0 0 0/0 0:00 0:00 0:00
Oskars Bartulis 0 0 0 -1 0 1 0 0 0 0 0/0 6:38 0:00 0:00
Paul Ladue 0 0 0 0 4 1 1 1 1 1 0/0 17:20 3:14 4:02
T.J Galiardi 1 0 1 1 0 6 5 1 0 1 2/3 26:29 4:27 8:47
Tim Erixon 0 0 0 0 0 2 0 3 2 0 0/0 18:43 3:14 5:23
Tom Kuhnhackl 0 0 0 0 0 0 1 0 0 0 1/1 3:35 0:34 0:00
Vince Rocco 0 0 0 0 0 0 0 0 0 0 1/2 2:36 0:00 2:35
Players Stats for Mustangs
Player Name G A P +/- PIM S H SB GA TA FO MP PP MP PK MP
------------------------------------------------------------------------------------
Alexei Marchenko 0 0 0 1 0 0 0 1 0 0 0/0 8:03 0:00 0:00
Andreas Athanasiou 0 0 0 1 0 2 3 0 0 0 3/8 8:46 0:08 0:00
Brady Skjei 1 2 3 1 0 2 0 2 0 0 0/0 30:44 10:26 4:30
Cameron Gaunce 0 2 2 1 0 2 4 3 0 1 0/0 31:08 10:26 4:30
Curtis Hamilton 0 0 0 0 0 0 0 0 0 0 0/1 6:34 0:00 0:16
Derek Joslin 0 0 0 1 0 1 3 0 0 4 0/0 21:13 5:29 3:44
Francis Paré 0 0 0 1 0 2 0 0 1 0 0/0 8:26 0:00 0:00
Jerome Samson 0 0 0 1 2 2 0 0 0 0 0/0 15:28 6:53 0:00
Josh Jooris 0 3 3 1 4 5 1 0 2 1 3/4 20:17 8:49 0:00
Joshua Leivo 1 0 1 1 0 1 0 0 1 0 0/0 10:23 0:12 1:31
Marcus Foligno 2 1 3 1 0 8 2 0 0 0 1/2 25:20 8:49 4:37
Mark Pysyk 0 1 1 1 0 1 3 0 0 2 0/0 21:13 5:29 3:44
Max Gortz 0 0 0 0 0 0 0 0 0 0 0/1 6:33 0:12 0:00
Mika Zibanejad 1 0 1 1 0 3 2 0 0 0 6/10 17:01 6:54 1:16
Rick Schofield 0 0 0 0 0 0 1 0 0 1 1/1 8:53 0:00 2:39
Riley Sheahan 2 1 3 1 0 6 2 0 0 1 28/49 25:33 8:53 4:19
Scott Mayfield 0 0 0 1 5 0 1 0 0 0 0/0 7:38 0:00 0:00
Tomas Tatar 1 0 1 1 4 4 2 1 1 0 1/1 17:55 6:54 1:50
3 Stars
1 - Marcus Foligno (Ham)
2 - Riley Sheahan (Ham)
3 - Brady Skjei (Ham)
Power Play
Influenza - 1 on 5 Attempt(s) - 20.00%
Mustangs - 4 on 12 Attempt(s) - 33.33%
Penalty Kill
Influenza - 8 on 12 Attempt(s) - 66.67%
- Score 0 goal in Penalty Kill
Mustangs - 4 on 5 Attempt(s) - 80.00%
- Score 0 goal in Penalty Kill
Team Stat
Influenza - Hits : 24 - Faceoff Wins : 34 - Blocked Shots : 16 - Penalty Minutes : 29
Mustangs - Hits : 24 - Faceoff Wins : 43 - Blocked Shots : 7 - Penalty Minutes : 15
Official
Referees : Pochmara Brian and Banfield David
Linesman : Thor Nelson and Brian Murphy
Game Notes
Thomas McCollum enters game at 11:23 of 2nd period
Scott Mayfield and Jeremy Morin fight to a draw at 7:13 of 3rd period
Mark Scheifele is injured at 10:13 of 3rd period (Strained Left Elbow)
Finance
Level 1 -- Attendance: 2000 (100.00%) -- Ticket Income $80,000
Level 2 -- Attendance: 1000 (100.00%) -- Ticket Income $20,000
Total Attendance: 3000 (100.00%)
Total Ticket Income: $100,000
Other Income: $5,000
Total Income: $105,000
Influenza
5 vs 5 Forward
Center Left Wing Right Wing Time % Phy DF OF
1 Charlie Coyle T.J Galiardi Jeremy Morin 40 1 2 2
2 Mark Olver Lane MacDermid Beau Bennett 30 1 2 2
3 Mark Scheifele Jimmy Vesey Garnet Hathaway 20 1 2 2
4 Jordan Schroeder Johan Larsson Iiro Pakarinen 10 1 2 2
5 vs 5 Defense
Defense Defense Time % Phy DF OF
1 Matt Corrente Mathieu Carle 40 1 2 2
2 Tim Erixon Paul Ladue 30 1 2 2
3 Jeff May Oskars Bartulis 20 1 2 2
4 Joe Morrow Dmitry Sinitsyn 10 1 2 2
PowerPlay Forward
Center Left Wing Right Wing Time % Phy DF OF
1 Charlie Coyle T.J Galiardi Jeremy Morin 60 1 2 2
2 Mark Olver Lane MacDermid Beau Bennett 40 1 2 2
PowerPlay Defense
Defense Defense Time % Phy DF OF
1 Matt Corrente Mathieu Carle 60 1 2 2
2 Tim Erixon Paul Ladue 40 1 2 2
Penalty Kill 4 Players Forward
Center Wing Time % Phy DF OF
1 Jeremy Morin T.J Galiardi 60 1 2 2
2 Charlie Coyle Mark Olver 40 1 2 2
Penalty Kill 4 Players Defense
Defense Defense Time % Phy DF OF
1 Matt Corrente Mathieu Carle 60 1 2 2
2 Tim Erixon Paul Ladue 40 1 2 2
Penalty Kill - 3 Players Forward
Forward Time % Phy DF OF
1 Jeremy Morin 60 1 2 2
2 T.J Galiardi 40 1 2 2
Penalty Kill - 3 Players Defense
Defense Defense Time % Phy DF OF
1 Matt Corrente Mathieu Carle 60 1 2 2
2 Tim Erixon Paul Ladue 40 1 2 2
4 vs 4 Forward
Center Wing Time % Phy DF OF
1 Jeremy Morin T.J Galiardi 60 1 2 2
2 Charlie Coyle Mark Olver 40 1 2 2
4 vs 4 Defense
Defense Defense Time % Phy DF OF
1 Matt Corrente Mathieu Carle 60 1 2 2
2 Tim Erixon Paul Ladue 40 1 2 2
Last Minutes Offensive
Center Left Wing Right Wing Defense Defense
Charlie Coyle T.J Galiardi Jeremy Morin Matt Corrente Mathieu Carle
Last Minutes Defensive
Center Left Wing Right Wing Defense Defense
Charlie Coyle T.J Galiardi Jeremy Morin Matt Corrente Mathieu Carle
Goaltenders
Starting : Alex Stalock
Backup : Thomas McCollum
Extra Forwards
Normal : Tom Kuhnhackl, Jacob Josefson, Vince Rocco - PP : Tom Kuhnhackl, Jacob Josefson - PK : Vince Rocco
Extra Defensemen
Normal : Jesse Graham, Jeff May, Oskars Bartulis - PP : Jesse Graham - PK : Jeff May, Oskars Bartulis
Penalty Shots
Jeremy Morin, T.J Galiardi, Charlie Coyle, Mark Olver, Beau Bennett
Scratches
Jamie Devane (Healthy), Fredric Larsson (Healthy), Rocco Grimaldi (Healthy), Ryan Sproul (Healthy), Josh Andrerson (Healthy)
Tyson Sexsmith (Healthy)
Mustangs
5 vs 5 Forward
Center Left Wing Right Wing Time % Phy DF OF
1 Riley Sheahan Marcus Foligno Josh Jooris 40 1 2 2
2 Mika Zibanejad Tomas Tatar Jerome Samson 30 1 2 2
3 Andreas Athanasiou Joshua Leivo Francis Paré 20 1 2 2
4 Rick Schofield Curtis Hamilton Max Gortz 10 1 2 2
5 vs 5 Defense
Defense Defense Time % Phy DF OF
1 Cameron Gaunce Brady Skjei 44 1 2 2
2 Derek Joslin Mark Pysyk 33 1 2 2
3 Alexei Marchenko Scott Mayfield 23 1 2 2
4 Cameron Gaunce Brady Skjei 0 1 2 2
PowerPlay Forward
Center Left Wing Right Wing Time % Phy DF OF
1 Riley Sheahan Marcus Foligno Josh Jooris 60 1 2 2
2 Mika Zibanejad Tomas Tatar Jerome Samson 40 1 2 2
PowerPlay Defense
Defense Defense Time % Phy DF OF
1 Cameron Gaunce Brady Skjei 60 1 2 2
2 Derek Joslin Mark Pysyk 40 1 2 2
Penalty Kill 4 Players Forward
Center Wing Time % Phy DF OF
1 Riley Sheahan Marcus Foligno 60 1 2 2
2 Rick Schofield Tomas Tatar 40 1 2 2
Penalty Kill 4 Players Defense
Defense Defense Time % Phy DF OF
1 Cameron Gaunce Brady Skjei 60 1 2 2
2 Derek Joslin Mark Pysyk 40 1 2 2
Penalty Kill - 3 Players Forward
Forward Time % Phy DF OF
1 Riley Sheahan 60 1 2 2
2 Mika Zibanejad 40 1 2 2
Penalty Kill - 3 Players Defense
Defense Defense Time % Phy DF OF
1 Cameron Gaunce Brady Skjei 60 1 2 2
2 Derek Joslin Mark Pysyk 40 1 2 2
4 vs 4 Forward
Center Wing Time % Phy DF OF
1 Riley Sheahan Marcus Foligno 60 1 2 2
2 Mika Zibanejad Tomas Tatar 40 1 2 2
4 vs 4 Defense
Defense Defense Time % Phy DF OF
1 Cameron Gaunce Brady Skjei 60 1 2 2
2 Derek Joslin Mark Pysyk 40 1 2 2
Last Minutes Offensive
Center Left Wing Right Wing Defense Defense
Riley Sheahan Marcus Foligno Josh Jooris Cameron Gaunce Brady Skjei
Last Minutes Defensive
Center Left Wing Right Wing Defense Defense
Riley Sheahan Marcus Foligno Josh Jooris Cameron Gaunce Brady Skjei
Goaltenders
Starting : Peter Mannino
Backup : Chet Pickard
Extra Forwards
Normal : Riley Sheahan, Mika Zibanejad, Rick Schofield - PP : Mika Zibanejad, Riley Sheahan - PK : Marcus Foligno
Extra Defensemen
Normal : Derek Joslin, Mark Pysyk, Cameron Gaunce - PP : Derek Joslin - PK : Cameron Gaunce, Derek Joslin
Penalty Shots
Riley Sheahan, Mika Zibanejad, Rick Schofield, Marcus Foligno, Josh Jooris
Scratches
Roman Horak (Healthy), Andrew Shaw (Suspend), Dominik Uher (Healthy), Joe Finley (Healthy), Eric Knodel (Healthy)
Matthew Finn (Healthy), Danny Biega (Healthy), Jim O'Brien (Healthy), Raphael Bussieres (Healthy), Sam Kurker (Healthy)
Denis Bodrov (Healthy), Riley Nash (Healthy), Justin Peters (Healthy), Joacim Eriksson (Healthy)
% Time on Ice - Influenza
Lines # - Real PCT - Wanted PCT - Time Play
Normal Forward
1 - 37% - 40% - 13:02
2 - 25% - 30% - 8:59
3 - 25% - 20% - 8:42
4 - 13% - 10% - 4:36
Normal Defense
1 - 41% - 40% - 14:33
2 - 29% - 30% - 10:06
3 - 19% - 20% - 6:38
4 - 11% - 10% - 4:02
PP Forward
1 - 56% - 60% - 4:39
2 - 44% - 40% - 3:35
PP Defense
1 - 61% - 60% - 5:00
2 - 39% - 40% - 3:14
PK Forward
1 - 67% - 60% - 10:39
2 - 33% - 40% - 5:12
PK Defense
1 - 66% - 60% - 10:28
2 - 34% - 40% - 5:23
PK3 Forward
1 - 100% - 60% - 0:04
2 - 0% - 40% - 0:00
PK3 Defense
1 - 100% - 60% - 0:04
2 - 0% - 40% - 0:00
44 Forward
1 - 100% - 60% - 0:32
2 - 0% - 40% - 0:00
44 Defense
1 - 100% - 60% - 0:32
2 - 0% - 40% - 0:00
Last Minute Offensive - 0:00
Last Minute Defensive - 0:00
Total
Forward - 60:00
Defense - 60:00
|
% Time on Ice - Mustangs
Lines # - Real PCT - Wanted PCT - Time Play
Normal Forward
1 - 34% - 40% - 11:56
2 - 25% - 30% - 8:51
3 - 24% - 20% - 8:26
4 - 17% - 10% - 6:06
Normal Defense
1 - 43% - 44% - 15:16
2 - 34% - 33% - 12:00
3 - 23% - 23% - 8:03
4 - 0% - 0% - 0:00
PP Forward
1 - 57% - 60% - 9:01
2 - 43% - 40% - 6:54
PP Defense
1 - 66% - 60% - 10:26
2 - 34% - 40% - 5:29
PK Forward
1 - 68% - 60% - 5:35
2 - 32% - 40% - 2:39
PK Defense
1 - 55% - 60% - 4:30
2 - 45% - 40% - 3:44
PK3 Forward
1 - 0% - 60%
2 - 0% - 40%
PK3 Defense
1 - 0% - 60%
2 - 0% - 40%
44 Forward
1 - 100% - 60% - 0:32
2 - 0% - 40% - 0:00
44 Defense
1 - 100% - 60% - 0:32
2 - 0% - 40% - 0:00
Last Minute Offensive - 0:00
Last Minute Defensive - 0:00
Total
Forward - 60:00
Defense - 60:00
|
Play by Play
1st period
0:01 of 1st period - Charlie Coyle wins face-off versus Riley Sheahan in neutral zone.
0:27 of 1st period - Mika Zibanejad is hit by Beau Bennett and loses puck.
0:44 of 1st period - Mark Pysyk is hit by Jimmy Vesey and loses puck.
0:53 of 1st period - Wrist shot by Joshua Leivo.
0:53 of 1st period - Shot Hit the Post.
1:01 of 1st period - Scott Mayfield is hit by Matt Corrente.
1:15 of 1st period - Scott Mayfield is hit by Matt Corrente and loses puck.
3:00 of 1st period - Derek Joslin is hit by T.J Galiardi.
3:22 of 1st period - Wrist shot by Mika Zibanejad.
3:22 of 1st period - Shot Hit the Post.
3:33 of 1st period - Icing by Alexei Marchenko.
3:34 of 1st period - Riley Sheahan wins face-off versus Mark Scheifele in Mustangs zone.
4:07 of 1st period - Snap shot by Mika Zibanejad.
4:07 of 1st period - Shot Misses the Net.
4:17 of 1st period - Minor Penalty to Paul Ladue for Tripping.
4:18 of 1st period - Jeremy Morin wins face-off versus Riley Sheahan in Influenza zone.
4:18 of 1st period - Jeremy Morin is hit by Riley Sheahan.
4:34 of 1st period - Snap shot by Josh Jooris.
4:34 of 1st period - Stopped by Alex Stalock without a rebound.
4:35 of 1st period - Mika Zibanejad wins face-off versus Jeremy Morin in Influenza zone.
5:00 of 1st period - Brady Skjei is hit by Matt Corrente and loses puck.
5:09 of 1st period - Wrist shot by Mark Olver.
5:09 of 1st period - Shot Hit the Post.
5:11 of 1st period - Wrist shot by Charlie Coyle.
5:11 of 1st period - Stopped by Peter Mannino with a rebound.
5:13 of 1st period - Snap shot by Charlie Coyle.
5:13 of 1st period - Stopped by Peter Mannino with a rebound.
6:07 of 1st period - Josh Jooris is hit by Mathieu Carle and loses puck.
6:17 of 1st period - Penalty to Paul Ladue is over, Paul Ladue is back on ice.
7:59 of 1st period - Wrist shot by Jeremy Morin.
7:59 of 1st period - Deflect By T.J Galiardi.
7:59 of 1st period - Stopped by Peter Mannino without a rebound.
8:00 of 1st period - Andreas Athanasiou wins face-off versus Charlie Coyle in Mustangs zone.
8:00 of 1st period - Andreas Athanasiou is hit by T.J Galiardi.
8:14 of 1st period - Wrist shot by Brady Skjei.
8:14 of 1st period - Deflect By Andreas Athanasiou.
8:14 of 1st period - Stopped by Alex Stalock without a rebound.
8:15 of 1st period - Riley Sheahan wins face-off versus Mark Olver in Influenza zone.
8:24 of 1st period - Wrist shot by Riley Sheahan.
8:24 of 1st period - Stopped by Alex Stalock without a rebound.
8:25 of 1st period - Riley Sheahan wins face-off versus Mark Olver in Influenza zone.
8:44 of 1st period - Backhand shot by Riley Sheahan.
8:44 of 1st period - Goal by Riley Sheahan - Influenza : 0 - Mustangs : 1.
8:45 of 1st period - Riley Sheahan wins face-off versus Charlie Coyle in neutral zone.
8:53 of 1st period - Minor Penalty to Matt Corrente for Hooking.
8:54 of 1st period - Marcus Foligno wins face-off versus Jeremy Morin in Influenza zone.
8:58 of 1st period - Slapshot by Marcus Foligno.
8:58 of 1st period - Goal by Marcus Foligno - Influenza : 0 - Mustangs : 2.
8:59 of 1st period - Riley Sheahan wins face-off versus Charlie Coyle in neutral zone.
9:21 of 1st period - Minor Penalty to Mathieu Carle for Hooking.
9:22 of 1st period - Riley Sheahan wins face-off versus Jeremy Morin in Influenza zone.
9:35 of 1st period - Snap shot by T.J Galiardi.
9:35 of 1st period - Shot Misses the Net.
9:47 of 1st period - Charlie Coyle is hit by Cameron Gaunce and loses puck.
9:52 of 1st period - Wrist shot by Mika Zibanejad.
9:52 of 1st period - Goal by Mika Zibanejad - Influenza : 0 - Mustangs : 3.
9:53 of 1st period - Riley Sheahan wins face-off versus Charlie Coyle in neutral zone.
10:06 of 1st period - Minor Penalty to Josh Jooris for Cross-checking.
10:07 of 1st period - Riley Sheahan wins face-off versus Charlie Coyle in Mustangs zone.
10:14 of 1st period - Off-side.
10:15 of 1st period - Riley Sheahan wins face-off versus Charlie Coyle in neutral zone.
10:17 of 1st period - Off-side.
10:18 of 1st period - Charlie Coyle wins face-off versus Riley Sheahan in neutral zone.
10:25 of 1st period - Wrist shot by Jeremy Morin.
10:25 of 1st period - Shot Misses the Net.
10:27 of 1st period - Snap shot by Charlie Coyle.
10:27 of 1st period - Shot Misses the Net.
10:54 of 1st period - Icing by Tim Erixon.
10:55 of 1st period - Riley Sheahan wins face-off versus Mark Olver in Influenza zone.
12:06 of 1st period - Penalty to Josh Jooris is over, Josh Jooris is back on ice.
12:43 of 1st period - Snap shot by Rick Schofield.
12:43 of 1st period - Shot Misses the Net.
13:17 of 1st period - Riley Sheahan is hit by Jimmy Vesey.
13:31 of 1st period - Wrist shot by Jeremy Morin.
13:31 of 1st period - Stopped by Peter Mannino without a rebound.
13:32 of 1st period - Charlie Coyle wins face-off versus Curtis Hamilton in Mustangs zone.
13:39 of 1st period - Backhand shot by T.J Galiardi.
13:39 of 1st period - Stopped by Peter Mannino with a rebound.
13:41 of 1st period - Slapshot by Mathieu Carle.
13:41 of 1st period - Stopped by Peter Mannino with a rebound.
13:43 of 1st period - Backhand shot by Mathieu Carle.
13:43 of 1st period - Stopped by Peter Mannino without a rebound.
13:44 of 1st period - Riley Sheahan wins face-off versus Mark Olver in Mustangs zone.
14:09 of 1st period - Mika Zibanejad is hit by Matt Corrente and loses puck.
14:14 of 1st period - Wrist shot by T.J Galiardi.
14:14 of 1st period - Deflect By Mika Zibanejad.
14:14 of 1st period - Stopped by Peter Mannino without a rebound.
14:15 of 1st period - Tomas Tatar wins face-off versus Charlie Coyle in Mustangs zone.
14:46 of 1st period - Snap shot by Charlie Coyle.
14:46 of 1st period - Stopped by Peter Mannino without a rebound.
14:47 of 1st period - Mark Olver wins face-off versus Riley Sheahan in Mustangs zone.
14:48 of 1st period - Snap shot by Beau Bennett.
14:48 of 1st period - Deflect By Mark Olver.
14:48 of 1st period - Stopped by Peter Mannino without a rebound.
14:49 of 1st period - Mark Olver wins face-off versus Riley Sheahan in Mustangs zone.
15:14 of 1st period - Mathieu Carle is hit by Derek Joslin and loses puck.
15:25 of 1st period - Snap shot by Francis Paré.
15:25 of 1st period - Stopped by Alex Stalock with a rebound.
15:27 of 1st period - Snap shot by Andreas Athanasiou.
15:27 of 1st period - Stopped by Alex Stalock with a rebound.
16:35 of 1st period - Mark Scheifele is hit by Andreas Athanasiou and loses puck.
16:58 of 1st period - Snap shot by Mika Zibanejad.
16:58 of 1st period - Stopped by Alex Stalock with a rebound.
17:00 of 1st period - Slapshot by Tomas Tatar.
17:00 of 1st period - Stopped by Alex Stalock without a rebound.
17:01 of 1st period - Charlie Coyle wins face-off versus Mika Zibanejad in Influenza zone.
17:16 of 1st period - Wrist shot by Mika Zibanejad.
17:16 of 1st period - Stopped by Alex Stalock with a rebound.
17:26 of 1st period - Charlie Coyle is hit by Mika Zibanejad.
17:53 of 1st period - Minor Penalty to Tomas Tatar for Holding.
17:54 of 1st period - Mark Olver wins face-off versus Riley Sheahan in Mustangs zone.
17:56 of 1st period - Wrist shot by Mark Olver.
17:56 of 1st period - Shot Misses the Net.
17:58 of 1st period - Slapshot by Matt Corrente.
17:58 of 1st period - Stopped by Peter Mannino with a rebound.
18:00 of 1st period - Wrist shot by Beau Bennett.
18:00 of 1st period - Stopped by Peter Mannino without a rebound.
18:01 of 1st period - Riley Sheahan wins face-off versus Mark Olver in Mustangs zone.
18:01 of 1st period - Riley Sheahan is hit by Matt Corrente.
19:53 of 1st period - Penalty to Tomas Tatar is over, Tomas Tatar is back on ice.
Goals for this period are 0 for Influenza vs 3 for Mustangs.
Shots for this period are 12 for Influenza vs 11 for Mustangs.
2nd period
0:01 of 2nd period - T.J Galiardi wins face-off versus Riley Sheahan in neutral zone.
0:10 of 2nd period - Wrist shot by Josh Jooris.
0:10 of 2nd period - Shot Misses the Net.
0:12 of 2nd period - Wrist shot by Marcus Foligno.
0:12 of 2nd period - Stopped by Alex Stalock with a rebound.
0:14 of 2nd period - Snap shot by Riley Sheahan.
0:14 of 2nd period - Deflect By T.J Galiardi.
0:14 of 2nd period - Stopped by Alex Stalock with a rebound.
0:16 of 2nd period - Slapshot by Marcus Foligno.
0:16 of 2nd period - Stopped by Alex Stalock with a rebound.
0:29 of 2nd period - Icing by Mathieu Carle.
0:30 of 2nd period - Mika Zibanejad wins face-off versus Mark Olver in Influenza zone.
0:31 of 2nd period - Snap shot by Tomas Tatar.
0:31 of 2nd period - Shot Blocked by Matt Corrente.
0:33 of 2nd period - Slapshot by Derek Joslin.
0:33 of 2nd period - Deflect By Jerome Samson.
0:33 of 2nd period - Stopped by Alex Stalock without a rebound.
0:34 of 2nd period - Riley Sheahan wins face-off versus Mark Olver in Influenza zone.
0:35 of 2nd period - Slapshot by Josh Jooris.
0:35 of 2nd period - Stopped by Alex Stalock without a rebound.
0:36 of 2nd period - Mark Olver wins face-off versus Riley Sheahan in Influenza zone.
0:36 of 2nd period - Mark Olver is hit by Marcus Foligno.
1:02 of 2nd period - Minor Penalty to Tomas Tatar for Holding.
1:03 of 2nd period - Riley Sheahan wins face-off versus Charlie Coyle in Mustangs zone.
1:28 of 2nd period - Brady Skjei is hit by Matt Corrente and loses puck.
2:48 of 2nd period - Mark Pysyk is hit by Lane MacDermid and loses puck.
3:02 of 2nd period - Penalty to Tomas Tatar is over, Tomas Tatar is back on ice.
3:37 of 2nd period - Snap shot by Riley Sheahan.
3:37 of 2nd period - Shot Blocked by Jeff May.
5:00 of 2nd period - Oskars Bartulis is hit by Andreas Athanasiou.
5:36 of 2nd period - Minor Penalty to Beau Bennett for Roughing.
5:37 of 2nd period - Jeremy Morin wins face-off versus Mika Zibanejad in Influenza zone.
7:03 of 2nd period - Minor Penalty to Jerome Samson for Hooking.
7:04 of 2nd period - Riley Sheahan wins face-off versus Jeremy Morin in Mustangs zone.
7:36 of 2nd period - Penalty to Beau Bennett is over, Beau Bennett is back on ice.
7:46 of 2nd period - Backhand shot by Beau Bennett.
7:46 of 2nd period - Shot Misses the Net.
8:17 of 2nd period - Off-side.
8:18 of 2nd period - Mark Olver wins face-off versus Mika Zibanejad in neutral zone.
8:21 of 2nd period - Mika Zibanejad is hit by Mark Olver and loses puck.
8:30 of 2nd period - Mark Olver is hit by Tomas Tatar and loses puck.
9:03 of 2nd period - Penalty to Jerome Samson is over, Jerome Samson is back on ice.
9:08 of 2nd period - Off-side.
9:09 of 2nd period - Andreas Athanasiou wins face-off versus Jacob Josefson in neutral zone.
9:14 of 2nd period - Snap shot by Mark Pysyk.
9:14 of 2nd period - Shot Misses the Net.
9:20 of 2nd period - Slapshot by Derek Joslin.
9:20 of 2nd period - Stopped by Alex Stalock without a rebound.
9:21 of 2nd period - Mika Zibanejad wins face-off versus Lane MacDermid in Influenza zone.
9:48 of 2nd period - Josh Jooris is hit by Matt Corrente and loses puck.
10:12 of 2nd period - Snap shot by Joshua Leivo.
10:12 of 2nd period - Shot Misses the Net.
10:49 of 2nd period - Off-side.
10:50 of 2nd period - Mika Zibanejad wins face-off versus Charlie Coyle in neutral zone.
11:13 of 2nd period - Icing by Matt Corrente.
11:14 of 2nd period - Mark Olver wins face-off versus Riley Sheahan in Influenza zone.
11:23 of 2nd period - Backhand shot by Brady Skjei.
11:23 of 2nd period - Goal by Brady Skjei - Influenza : 0 - Mustangs : 4.
11:23 of 2nd period - Thomas McCollum enters game.
11:24 of 2nd period - Riley Sheahan wins face-off versus T.J Galiardi in neutral zone.
11:24 of 2nd period - Riley Sheahan is hit by T.J Galiardi.
11:25 of 2nd period - Minor Penalty to Josh Jooris for Unsportsmanlike conduct.
11:26 of 2nd period - Charlie Coyle wins face-off versus Riley Sheahan in Mustangs zone.
11:29 of 2nd period - Snap shot by T.J Galiardi.
11:29 of 2nd period - Stopped by Peter Mannino with a rebound.
11:31 of 2nd period - Snap shot by Jeremy Morin.
11:31 of 2nd period - Shot Blocked by Cameron Gaunce.
11:33 of 2nd period - Backhand shot by Jeremy Morin.
11:33 of 2nd period - Stopped by Peter Mannino without a rebound.
11:34 of 2nd period - Charlie Coyle wins face-off versus Riley Sheahan in Mustangs zone.
11:57 of 2nd period - Riley Sheahan is hit by Charlie Coyle and loses puck.
12:05 of 2nd period - Icing by Charlie Coyle.
12:06 of 2nd period - Rick Schofield wins face-off versus Charlie Coyle in Influenza zone.
12:07 of 2nd period - Wrist shot by Tomas Tatar.
12:07 of 2nd period - Shot Misses the Net.
12:13 of 2nd period - Slapshot by Mathieu Carle.
12:13 of 2nd period - Shot Misses the Net.
12:15 of 2nd period - Snap shot by Charlie Coyle.
12:15 of 2nd period - Goal by Charlie Coyle - Influenza : 1 - Mustangs : 4.
12:16 of 2nd period - Charlie Coyle wins face-off versus Riley Sheahan in neutral zone.
12:27 of 2nd period - Slapshot by Jeremy Morin.
12:27 of 2nd period - Stopped by Peter Mannino with a rebound.
12:45 of 2nd period - Backhand shot by Mark Pysyk.
12:45 of 2nd period - Shot Blocked by Matt Corrente.
12:56 of 2nd period - Off-side.
12:57 of 2nd period - Mika Zibanejad wins face-off versus Lane MacDermid in neutral zone.
13:04 of 2nd period - Snap shot by Jerome Samson.
13:04 of 2nd period - Stopped by Thomas McCollum with a rebound.
13:06 of 2nd period - Minor Penalty to Lane MacDermid for Cross-checking.
13:07 of 2nd period - Riley Sheahan wins face-off versus Jeremy Morin in Influenza zone.
13:20 of 2nd period - Wrist shot by Marcus Foligno.
13:20 of 2nd period - Shot Misses the Net.
13:22 of 2nd period - Slapshot by Cameron Gaunce.
13:22 of 2nd period - Shot Misses the Net.
13:48 of 2nd period - Minor Penalty to Matt Corrente for Hooking.
13:49 of 2nd period - Riley Sheahan wins face-off versus Jeremy Morin in Influenza zone.
13:52 of 2nd period - Snap shot by Riley Sheahan.
13:52 of 2nd period - Goal by Riley Sheahan - Influenza : 1 - Mustangs : 5.
13:53 of 2nd period - Jeremy Morin wins face-off versus Riley Sheahan in neutral zone.
14:09 of 2nd period - Wrist shot by Riley Sheahan.
14:09 of 2nd period - Shot Blocked by Jeff May.
15:08 of 2nd period - Backhand shot by Mark Olver.
15:08 of 2nd period - Shot Blocked by Tomas Tatar.
15:48 of 2nd period - Penalty to Matt Corrente is over, Matt Corrente is back on ice.
15:57 of 2nd period - Mark Scheifele is hit by Derek Joslin and loses puck.
16:19 of 2nd period - Slapshot by Derek Joslin.
16:19 of 2nd period - Shot Misses the Net.
16:21 of 2nd period - Slapshot by Mark Pysyk.
16:21 of 2nd period - Stopped by Thomas McCollum without a rebound.
16:22 of 2nd period - Mark Olver wins face-off versus Max Gortz in Influenza zone.
16:22 of 2nd period - Mark Olver is hit by Rick Schofield.
16:57 of 2nd period - Snap shot by Iiro Pakarinen.
16:57 of 2nd period - Shot Misses the Net.
16:59 of 2nd period - Slapshot by Oskars Bartulis.
16:59 of 2nd period - Shot Misses the Net.
17:01 of 2nd period - Slapshot by Oskars Bartulis.
17:01 of 2nd period - Stopped by Peter Mannino with a rebound.
17:03 of 2nd period - Slapshot by Jordan Schroeder.
17:03 of 2nd period - Stopped by Peter Mannino with a rebound.
17:46 of 2nd period - Derek Joslin is hit by T.J Galiardi and loses puck.
17:57 of 2nd period - Lane MacDermid is hit by Derek Joslin and loses puck.
18:22 of 2nd period - Minor Penalty to Mathieu Carle for Interference.
18:23 of 2nd period - Riley Sheahan wins face-off versus Jeremy Morin in Influenza zone.
18:28 of 2nd period - Wrist shot by Riley Sheahan.
18:28 of 2nd period - Shot Misses the Net.
18:32 of 2nd period - Slapshot by Brady Skjei.
18:32 of 2nd period - Shot Misses the Net.
18:34 of 2nd period - Slapshot by Marcus Foligno.
18:34 of 2nd period - Goal by Marcus Foligno - Influenza : 1 - Mustangs : 6.
18:35 of 2nd period - Charlie Coyle wins face-off versus Riley Sheahan in neutral zone.
18:40 of 2nd period - Snap shot by Jeremy Morin.
18:40 of 2nd period - Stopped by Peter Mannino without a rebound.
18:41 of 2nd period - Josh Jooris wins face-off versus Jeremy Morin in Mustangs zone.
18:41 of 2nd period - Cameron Gaunce is hit by T.J Galiardi.
18:51 of 2nd period - Slapshot by Marcus Foligno.
18:51 of 2nd period - Shot Blocked by Matt Corrente.
18:53 of 2nd period - Slapshot by Cameron Gaunce.
18:53 of 2nd period - Deflect By Mathieu Carle.
18:53 of 2nd period - Stopped by Thomas McCollum without a rebound.
18:54 of 2nd period - Charlie Coyle wins face-off versus Riley Sheahan in Influenza zone.
18:54 of 2nd period - Charlie Coyle is hit by Marcus Foligno.
19:45 of 2nd period - Minor Penalty to Mark Scheifele for Elbowing.
19:46 of 2nd period - T.J Galiardi wins face-off versus Marcus Foligno in Influenza zone.
Goals for this period are 1 for Influenza vs 3 for Mustangs.
Shots for this period are 7 for Influenza vs 12 for Mustangs.
3rd period
0:01 of 3rd period - Riley Sheahan wins face-off versus Jeremy Morin in neutral zone.
0:10 of 3rd period - Slapshot by Brady Skjei.
0:10 of 3rd period - Shot Misses the Net.
0:12 of 3rd period - Snap shot by Marcus Foligno.
0:12 of 3rd period - Stopped by Thomas McCollum with a rebound.
0:14 of 3rd period - Slapshot by Josh Jooris.
0:14 of 3rd period - Stopped by Thomas McCollum with a rebound.
0:16 of 3rd period - Slapshot by Brady Skjei.
0:16 of 3rd period - Deflect By Marcus Foligno.
0:16 of 3rd period - Stopped by Thomas McCollum with a rebound.
0:52 of 3rd period - Derek Joslin is hit by Jeremy Morin.
1:45 of 3rd period - Penalty to Mark Scheifele is over, Mark Scheifele is back on ice.
1:53 of 3rd period - Snap shot by Mark Scheifele.
1:53 of 3rd period - Shot Blocked by Alexei Marchenko.
2:39 of 3rd period - Icing by Brady Skjei.
2:40 of 3rd period - Charlie Coyle wins face-off versus Andreas Athanasiou in Mustangs zone.
2:41 of 3rd period - Snap shot by Jeremy Morin.
2:41 of 3rd period - Stopped by Peter Mannino with a rebound.
2:43 of 3rd period - Wrist shot by Paul Ladue.
2:43 of 3rd period - Deflect By Cameron Gaunce.
2:43 of 3rd period - Stopped by Peter Mannino with a rebound.
2:45 of 3rd period - Slapshot by Charlie Coyle.
2:45 of 3rd period - Shot Blocked by Cameron Gaunce.
2:47 of 3rd period - Slapshot by Paul Ladue.
2:47 of 3rd period - Shot Blocked by Brady Skjei.
2:49 of 3rd period - Snap shot by Jeremy Morin.
2:49 of 3rd period - Shot Misses the Net.
2:51 of 3rd period - Snap shot by Charlie Coyle.
2:51 of 3rd period - Stopped by Peter Mannino with a rebound.
2:53 of 3rd period - Slapshot by Paul Ladue.
2:53 of 3rd period - Shot Blocked by Cameron Gaunce.
2:55 of 3rd period - Slapshot by Tim Erixon.
2:55 of 3rd period - Deflect By Francis Paré.
2:55 of 3rd period - Stopped by Peter Mannino without a rebound.
2:56 of 3rd period - Riley Sheahan wins face-off versus Mark Olver in Mustangs zone.
2:56 of 3rd period - Riley Sheahan is hit by Paul Ladue.
3:02 of 3rd period - Paul Ladue is hit by Mark Pysyk and loses puck.
4:02 of 3rd period - Off-side.
4:03 of 3rd period - Riley Sheahan wins face-off versus Mark Scheifele in neutral zone.
4:12 of 3rd period - Snap shot by Josh Jooris.
4:12 of 3rd period - Stopped by Thomas McCollum with a rebound.
4:14 of 3rd period - Snap shot by Riley Sheahan.
4:14 of 3rd period - Shot Misses the Net.
4:18 of 3rd period - Wrist shot by Marcus Foligno.
4:18 of 3rd period - Stopped by Thomas McCollum with a rebound.
4:24 of 3rd period - Minor Penalty to Mark Scheifele for High sticking.
4:25 of 3rd period - Jeremy Morin wins face-off versus Riley Sheahan in Influenza zone.
4:25 of 3rd period - Jeremy Morin is hit by Cameron Gaunce.
4:39 of 3rd period - Wrist shot by Riley Sheahan.
4:39 of 3rd period - Shot Misses the Net.
4:52 of 3rd period - Mathieu Carle is hit by Mika Zibanejad and loses puck.
6:24 of 3rd period - Penalty to Mark Scheifele is over, Mark Scheifele is back on ice.
6:31 of 3rd period - Jeff May is hit by Mark Pysyk and loses puck.
6:51 of 3rd period - Off-side.
6:52 of 3rd period - Andreas Athanasiou wins face-off versus Mark Scheifele in neutral zone.
6:55 of 3rd period - Snap shot by Garnet Hathaway.
6:55 of 3rd period - Stopped by Peter Mannino with a rebound.
6:57 of 3rd period - Slapshot by Mathieu Carle.
6:57 of 3rd period - Stopped by Peter Mannino without a rebound.
6:58 of 3rd period - Charlie Coyle wins face-off versus Riley Sheahan in Mustangs zone.
7:05 of 3rd period - Charlie Coyle is hit by Riley Sheahan and loses puck.
7:13 of 3rd period - Scott Mayfield and Jeremy Morin fight to a draw.
7:13 of 3rd period - Penalty to Scott Mayfield for Fighting.
7:13 of 3rd period - Penalty to Jeremy Morin for Fighting.
7:14 of 3rd period - Riley Sheahan wins face-off versus Charlie Coyle in neutral zone.
7:19 of 3rd period - Slapshot by Brady Skjei.
7:19 of 3rd period - Stopped by Thomas McCollum with a rebound.
7:25 of 3rd period - Wrist shot by Marcus Foligno.
7:25 of 3rd period - Shot Blocked by Matt Corrente.
7:29 of 3rd period - Slapshot by Josh Jooris.
7:29 of 3rd period - Stopped by Thomas McCollum with a rebound.
7:44 of 3rd period - Snap shot by Francis Paré.
7:44 of 3rd period - Stopped by Thomas McCollum without a rebound.
7:45 of 3rd period - Mark Olver wins face-off versus Andreas Athanasiou in Influenza zone.
7:52 of 3rd period - Snap shot by Joshua Leivo.
7:52 of 3rd period - Goal by Joshua Leivo - Influenza : 1 - Mustangs : 7.
7:53 of 3rd period - Riley Sheahan wins face-off versus Charlie Coyle in neutral zone.
7:53 of 3rd period - Brady Skjei is hit by Tom Kuhnhackl and loses puck.
8:29 of 3rd period - Wrist shot by Tomas Tatar.
8:29 of 3rd period - Stopped by Thomas McCollum without a rebound.
8:30 of 3rd period - Mika Zibanejad wins face-off versus Mark Olver in Influenza zone.
8:39 of 3rd period - Wrist shot by Tomas Tatar.
8:39 of 3rd period - Stopped by Thomas McCollum without a rebound.
8:40 of 3rd period - Josh Jooris wins face-off versus Mark Olver in Influenza zone.
8:48 of 3rd period - Off-side.
8:49 of 3rd period - Charlie Coyle wins face-off versus Riley Sheahan in neutral zone.
8:52 of 3rd period - Snap shot by Tim Erixon.
8:52 of 3rd period - Stopped by Peter Mannino without a rebound.
8:53 of 3rd period - Charlie Coyle wins face-off versus Riley Sheahan in Mustangs zone.
8:54 of 3rd period - Wrist shot by T.J Galiardi.
8:54 of 3rd period - Shot Misses the Net.
8:56 of 3rd period - Snap shot by T.J Galiardi.
8:56 of 3rd period - Shot Blocked by Brady Skjei.
8:58 of 3rd period - Slapshot by T.J Galiardi.
8:58 of 3rd period - Goal by T.J Galiardi - Influenza : 2 - Mustangs : 7.
8:59 of 3rd period - Tom Kuhnhackl wins face-off versus Riley Sheahan in neutral zone.
9:28 of 3rd period - Minor Penalty to Paul Ladue for Hooking.
9:29 of 3rd period - Riley Sheahan wins face-off versus Vince Rocco in Influenza zone.
9:31 of 3rd period - Wrist shot by Josh Jooris.
9:31 of 3rd period - Shot Misses the Net.
9:54 of 3rd period - Josh Jooris is hit by Mathieu Carle and loses puck.
10:09 of 3rd period - Wrist shot by Tomas Tatar.
10:09 of 3rd period - Shot Misses the Net.
10:11 of 3rd period - Backhand shot by Brady Skjei.
10:11 of 3rd period - Shot Blocked by Tim Erixon.
10:13 of 3rd period - Snap shot by Jerome Samson.
10:13 of 3rd period - Shot Blocked by Mark Scheifele.
10:13 of 3rd period - Mark Scheifele from Influenza is injured at 10:13 of 3rd period (Strained Left Elbow).
10:14 of 3rd period - Vince Rocco wins face-off versus Riley Sheahan in Influenza zone.
11:24 of 3rd period - Wrist shot by Mika Zibanejad.
11:24 of 3rd period - Deflect By Tomas Tatar.
11:24 of 3rd period - Shot Misses the Net.
11:24 of 3rd period - Puck is out of play.
11:25 of 3rd period - Jacob Josefson wins face-off versus Josh Jooris in Influenza zone.
11:28 of 3rd period - Penalty to Paul Ladue is over, Paul Ladue is back on ice.
11:38 of 3rd period - Slapshot by Mark Pysyk.
11:38 of 3rd period - Shot Misses the Net.
11:40 of 3rd period - Wrist shot by Riley Sheahan.
11:40 of 3rd period - Deflect By Josh Jooris.
11:40 of 3rd period - Shot Blocked by Beau Bennett.
11:40 of 3rd period - Puck is out of play.
11:41 of 3rd period - Charlie Coyle wins face-off versus Andreas Athanasiou in Influenza zone.
12:05 of 3rd period - Mark Olver is hit by Josh Jooris and loses puck.
12:12 of 3rd period - Slapshot by Josh Jooris.
12:12 of 3rd period - Shot Blocked by Tim Erixon.
12:33 of 3rd period - Wrist shot by Tomas Tatar.
12:33 of 3rd period - Goal by Tomas Tatar - Influenza : 2 - Mustangs : 8.
12:34 of 3rd period - Riley Sheahan wins face-off versus Charlie Coyle in neutral zone.
12:41 of 3rd period - Wrist shot by Josh Jooris.
12:41 of 3rd period - Shot Misses the Net.
12:43 of 3rd period - Snap shot by Josh Jooris.
12:43 of 3rd period - Shot Blocked by Charlie Coyle.
12:45 of 3rd period - Wrist shot by Riley Sheahan.
12:45 of 3rd period - Shot Misses the Net.
12:47 of 3rd period - Snap shot by Marcus Foligno.
12:47 of 3rd period - Shot Blocked by Jeremy Morin.
12:59 of 3rd period - Cameron Gaunce is hit by Beau Bennett and loses puck.
13:44 of 3rd period - Snap shot by Riley Sheahan.
13:44 of 3rd period - Stopped by Thomas McCollum without a rebound.
13:45 of 3rd period - Riley Sheahan wins face-off versus Charlie Coyle in Influenza zone.
13:48 of 3rd period - Wrist shot by Riley Sheahan.
13:48 of 3rd period - Shot Blocked by Tim Erixon.
13:50 of 3rd period - Slapshot by Cameron Gaunce.
13:50 of 3rd period - Shot Blocked by Paul Ladue.
13:54 of 3rd period - Snap shot by Josh Jooris.
13:54 of 3rd period - Shot Blocked by T.J Galiardi.
13:58 of 3rd period - Slapshot by Marcus Foligno.
13:58 of 3rd period - Stopped by Thomas McCollum with a rebound.
14:00 of 3rd period - Wrist shot by Cameron Gaunce.
14:00 of 3rd period - Stopped by Thomas McCollum without a rebound.
14:01 of 3rd period - Mark Olver wins face-off versus Mika Zibanejad in Influenza zone.
14:01 of 3rd period - Mark Olver is hit by Cameron Gaunce.
14:04 of 3rd period - Minor Penalty to Lane MacDermid for Hooking.
14:05 of 3rd period - Riley Sheahan wins face-off versus Jeremy Morin in Influenza zone.
14:11 of 3rd period - Snap shot by Riley Sheahan.
14:11 of 3rd period - Stopped by Thomas McCollum with a rebound.
14:13 of 3rd period - Slapshot by Josh Jooris.
14:13 of 3rd period - Shot Blocked by Matt Corrente.
15:08 of 3rd period - Jeremy Morin is hit by Mark Pysyk and loses puck.
15:32 of 3rd period - Mathieu Carle is hit by Cameron Gaunce and loses puck.
16:04 of 3rd period - Penalty to Lane MacDermid is over, Lane MacDermid is back on ice.
16:18 of 3rd period - Oskars Bartulis is hit by Andreas Athanasiou and loses puck.
16:33 of 3rd period - Slapshot by Jeff May.
16:33 of 3rd period - Shot Misses the Net.
16:39 of 3rd period - Oskars Bartulis is hit by Scott Mayfield and loses puck.
17:53 of 3rd period - Snap shot by Mark Olver.
17:53 of 3rd period - Shot Misses the Net.
17:55 of 3rd period - Slapshot by Beau Bennett.
17:55 of 3rd period - Stopped by Peter Mannino with a rebound.
18:05 of 3rd period - Iiro Pakarinen is hit by Tomas Tatar and loses puck.
18:26 of 3rd period - Wrist shot by Jeremy Morin.
18:26 of 3rd period - Shot Misses the Net.
18:28 of 3rd period - Snap shot by Charlie Coyle.
18:28 of 3rd period - Deflect By Francis Paré.
18:28 of 3rd period - Shot Misses the Net.
18:28 of 3rd period - Puck is out of play.
18:29 of 3rd period - Charlie Coyle wins face-off versus Andreas Athanasiou in Mustangs zone.
18:30 of 3rd period - Slapshot by T.J Galiardi.
18:30 of 3rd period - Stopped by Peter Mannino without a rebound.
18:31 of 3rd period - Charlie Coyle wins face-off versus Andreas Athanasiou in Mustangs zone.
18:55 of 3rd period - Minor Penalty to Matt Corrente for Elbowing.
18:56 of 3rd period - Josh Jooris wins face-off versus Jeremy Morin in Influenza zone.
18:58 of 3rd period - Wrist shot by Riley Sheahan.
18:58 of 3rd period - Shot Misses the Net.
Goals for this period are 1 for Influenza vs 2 for Mustangs.
Shots for this period are 10 for Influenza vs 16 for Mustangs.
Back to the Top